 Dungeon Crawl Stone Soup version 0.30-a0-297-g0ec75d9ef4 (webtiles) character file.

Game seed: 17896924054949803690

445 Iusername the Shield-Bearer (level 6, -16/84 HPs)
             Began as a Minotaur Fighter on Oct 19, 2022.
             Demolished by an ogre
             ... wielding a +0 giant spiked club
              (24 damage)
             ... on level 4 of the Dungeon.
             The game lasted 00:02:40 (2755 turns).

Iusername the Shield-Bearer (Minotaur Fighter)      Turns: 2755, Time: 00:02:41

Health: -16/84     AC: 23    Str: 23    XL:     6   Next: 72%
Magic:  5/5        EV:  2    Int:  5    God:
Gold:   326        SH:  5    Dex:  9    Spells: 5/5 levels left

rFire   . . .      SeeInvis .    a - +0 war axe
rCold   . . .      Faith    .    c - +0 buckler
rNeg    . . .      Spirit   .    (body armour currently unavailable)
rPois   +          Reflect  .    (helmet currently unavailable)
rElec   .          Harm     .    (cloak currently unavailable)
rCorr   .          Rampage  .    (gloves currently unavailable)
Will    .....      NoTele   +    (boots currently unavailable)
Stlth   +.........               (no amulet)
HPRegen 0.34/turn                (no ring)
MPRegen 0.09/turn                (no ring)

@: tree-form
A: stationary, stasis, torment immunity, boosted hp, (horns 2), (retaliatory
headbutt)
a: no special abilities


You were on level 4 of the Dungeon.
You were a tree.
You visited 1 branch of the dungeon, and saw 4 of its levels.

You collected 326 gold pieces.

Inventory:

Hand Weapons
 a - a +0 war axe (weapon)
Armour
 b - a +0 scale mail (melded)
 c - a +0 buckler (worn)
Jewellery
 u - an amulet of magic regeneration
 v - a +6 ring of strength
 w - a +6 ring of intelligence
Scrolls
 d - a scroll of torment {unknown}
 e - 7 scrolls of identify {unknown}
 h - 2 scrolls of enchant weapon {unknown}
 j - 4 scrolls of vulnerability {unknown}
 k - 2 scrolls of silence {unknown}
 n - a scroll of enchant armour {unknown}
 p - 2 scrolls of teleportation {unknown}
 r - a scroll of noise {unknown}
 s - 3 scrolls of amnesia {unknown}
Potions
 f - a potion of attraction
 g - a potion of invisibility {unknown}
 i - a potion of berserk rage {unknown}
 l - a potion of flight {unknown}
 m - a potion of curing {unknown}
 o - a potion of heal wounds {unknown}
 q - a potion of degeneration {unknown}
 t - a potion of lignification


   Skills:
 + Level 5.5 Fighting
 + Level 4.8 Axes
 + Level 5.5 Armour
 + Level 5.5 Shields


You had 5 spell levels left.
You didn't know any spells.
Your spell library was empty.

Dungeon Overview and Level Annotations

Branches:
Dungeon (4/15)
 Temple: D:4-7

Altars:
Elyvilon
Kikubaaqudgha

Shops:
D:3 ?


Innate Abilities, Weirdness & Mutations

You are a tree.
Your roots penetrate the ground, keeping you stationary.
You cannot be teleported.
You are immune to unholy pain and torment.
Your maximum health is greatly increased.
Your equipment is partially melded.
((You have a pair of horns on your head.))
((You reflexively headbutt those who attack you in melee.))


Message History

The adder bites you but does no damage.
There are monsters nearby!
You closely miss the phantom. You barely miss the adder.
You block the adder's attack. The phantom hits you.
The phantom blinks!
You blink.
An endoplasm and an ogre come into view.
Found 5 stones and a scratched marble ring.
There are monsters nearby!
You closely miss the phantom.
The endoplasm quivers.
The phantom hits you but does no damage.
The phantom closely misses you. You furiously retaliate!
You headbutt the phantom.
There are monsters nearby!
You closely miss the phantom.
The phantom is moderately damaged.
You hit the endoplasm. You hit the adder. The adder barely misses you.
The endoplasm hits you but does no damage.
The phantom hits you.
The phantom blinks!
You blink.
A worm comes into view.
The ogre hits you with a +0 giant spiked club!!
Ouch! That really hurt!
Okay, then.
You hit the ogre.
The ogre is moderately wounded.
You closely miss the phantom.
The phantom hits you but does no damage.
The ogre hits you with a +0 giant spiked club!
* * * LOW HITPOINT WARNING * * *
Unknown command.
It was a potion of lignification.
You turn into a tree.
Your +0 scale mail melds into your body.
Your roots penetrate the ground.
The phantom hits you.
* * * LOW HITPOINT WARNING * * *
You hit the ogre but do no damage.
The ogre is moderately wounded.
You hit the phantom. The phantom hits you.
* * * LOW HITPOINT WARNING * * *
The ogre hits you with a +0 giant spiked club!!
You die...

~~♣ ####.~P~ #........
...#.~~. #....... ##....~♣..#
....... ###........ #.....
....###..### #.... ##
...........####...# ### ..#
.##......#.....W..#..... ...
...##.#....# #..♣OwJ# #..
..÷........# #....S#.# #.#
.)........## #....#.# #.# .#
...##...#..# #....##.#J#.# .#
...##......###.##.# #)⌠(# ..
...........>......##.#?#.##.#
...##..##.#...###.#.# #.#.#.#
####...##.#.### #..# #.#..#
#..#.##...# ##..#####..#


You could see an ogre, a phantom, a worm, an adder and an endoplasm.

Vanquished Creatures
  Eustachio (D:4)
  A bullfrog (D:3)
  A hound (D:4)
  An iguana (D:4)
  An orc wizard (D:3)
  7 adders
  2 worms
  A dart slug (D:1)
  15 orcs
  4 endoplasms
  5 giant cockroaches
  8 goblins
  3 hobgoblins
  4 jackals (D:3)
  3 quokkas
  6 ball pythons
  5 bats
  5 frilled lizards
  11 kobolds
  A rat (D:2)
85 creatures vanquished.

Vanquished Creatures (others)
  6 plants (D:4)
6 creatures vanquished.

Grand Total: 91 creatures vanquished

Notes
Turn   | Place    | Note
-------+----------+-------------------------------------------
     0 | D:1      | Iusername the Minotaur Fighter began the quest for the Orb.
     0 | D:1      | Reached XP level 1. HP: 19/19 MP: 0/0
   271 | D:1      | Reached XP level 2. HP: 22/27 MP: 1/1
   578 | D:1      | Found a faded altar of an unknown god.
  1024 | D:2      | Reached XP level 3. HP: 32/33 MP: 2/2
  1213 | D:2      | Reached XP level 4. HP: 40/40 MP: 3/3
  1588 | D:3      | Reached XP level 5. HP: 29/47 MP: 4/4
  1787 | D:3      | Found a white marble altar of Elyvilon.
  1791 | D:3      | Found Avom's Magic Scroll Boutique.
  1916 | D:3      | Reached skill level 5 in Armour
  2028 | D:3      | Reached skill level 5 in Fighting
  2028 | D:3      | Reached skill level 5 in Shields
  2082 | D:3      | Found an ancient bone altar of Kikubaaqudgha.
  2506 | D:4      | Reached XP level 6. HP: 55/56 MP: 5/5
  2506 | D:4      | Noticed Eustachio
  2533 | D:4      | Killed Eustachio
  2755 | D:4      | Demolished by an ogre

Illustrated notes

Levels and vault maps discovered:
D:1:      amcnicky_arrival_single_pillar, layout_basic,
          ebering_ecumenical_altar_rust
D:2:      layout_rooms
D:3:      layout_basic, kiku_gazebo_pond_becter, lemuel_crystal_altar,
          serial_shops, shop_coins
D:4:      minmay_chambers_of_threes, layout_rooms,
          mainiacjoe_overflow_six_doors_small, serial_bayou,
          serial_bayou_pond_a, serial_bayou_pond_c, serial_bayou_pond_e,
          serial_bayou_pond_e, kennysheep_another_room, minmay_circle_x,
          uniq_duvessa, uniq_eustachio

Skill      XL: |  1  2  3  4  5 |
---------------+----------------+-----
Armour         | 4 5 |  5.5
Fighting       | 4 5 |  5.5
Shields        | 4 5 |  5.5
Axes           | 3 4 |  4.8

Action                   |  1- 3 |  4- 6 || total
-------------------------+-------+-------++-------
Melee: War axe           |    75 |   109 ||   184
       Headbutt          |     7 |    11 ||    18
  Use: Potion            |       |     3 ||     3
Armor: Scale mail        |    33 |    48 ||    81
Dodge: Dodged            |    35 |    61 ||    96
Block: Buckler           |    13 |    27 ||    40

Table legend: (Time is in decaauts)
 A = Elapsed time spent in this place.
 B = Non-inter-level travel time spent in this place.
 C = Inter-level travel time spent in this place.
 D = Time resting spent in this place.
 E = Time spent auto-exploring this place.
 F = Levels seen in this place.
 G = Mean time per level.
                   A        B        C        D        E       F      G
               +--------+--------+--------+--------+--------+-----+--------+
         Total |   2826 |   2787 |     39 |    233 |   2075 |   4 |  706.5 |
       Dungeon |   2826 |   2787 |     39 |    233 |   2075 |   4 |  706.5 |
               +--------+--------+--------+--------+--------+-----+--------+

Top non-repeatable levels by time:
     D:1: 1004 daAuts
     D:3: 872 daAuts
     D:2: 518 daAuts
     D:4: 431 daAuts
